 Dungeon Crawl Stone Soup version 0.22-a0-525-gf69a080 (webtiles) character file.

277 Mamutox the Sneak (level 6, -2/28 HPs)
             Began as a Spriggan Enchanter on June 20, 2018.
             Killed from afar by an orc wizard (10 damage)
             ... with a magic dart
             ... on level 3 of the Dungeon.
             The game lasted 00:10:41 (2689 turns).

Mamutox the Sneak (Spriggan Enchanter)              Turns: 2689, Time: 00:10:42

Health: -2/28      AC:  2    Str:  4    XL:     6   Next: 4%
Magic:  9/13       EV: 20    Int: 19    God:
Gold:   228        SH:  0    Dex: 16    Spells: 7/13 levels left

rFire    . . .     SeeInvis +   c - +1 short sword (speed)
rCold    . . .     Gourm    .   (shield restricted)
rNeg     . . .     Faith    .   b - +0 robe
rPois    .         Spirit   .   (helmet restricted)
rElec    .         Reflect  .   (no cloak)
rCorr    .         Harm     .   (gloves unavailable)
MR       +....                  (boots unavailable)
Stlth    +++.......             (no amulet)
HPRegen  0.09/turn              (no ring)
MPRegen  0.13/turn              (no ring)

@: very quick
A: very small, unfitting armour, see invisible, herbivore, speed 3, slow
metabolism 2
a: no special abilities


You were on level 3 of the Dungeon.
You were not hungry.

You visited 1 branch of the dungeon, and saw 3 of its levels.

You collected 228 gold pieces.

Inventory:

Hand Weapons
 a - a +1 dagger
 c - a +1 short sword of speed (weapon)
Missiles
 o - 41 poisoned needles
Armour
 b - a +0 robe (worn)
Jewellery
 m - a cursed ring of stealth {unknown}
 p - an uncursed amulet of regeneration {unknown}
 s - a cursed ring of flight {unknown}
Scrolls
 f - 3 scrolls of enchant weapon {unknown}
 g - a scroll of enchant armour {unknown}
 h - 3 scrolls of identify {unknown}
 i - 2 scrolls of teleportation {unknown}
 j - a scroll of amnesia {unknown}
 k - 2 scrolls of remove curse {unknown}
Potions
 e - a potion of ambrosia {unknown}
 l - a potion of heal wounds {unknown}
 n - 3 potions of agility {unknown}
 q - a potion of might {unknown}
 r - a potion of curing
 t - a potion of haste {unknown}
Comestibles
 d - 7 rations


   Skills:
 * Level 0.1 Fighting
 + Level 2.7 Short Blades
 + Level 4.5 Dodging
 + Level 5.7 Stealth
 + Level 4.0 Spellcasting
 + Level 4.7 Hexes
 - Level 1.8 Ice Magic


You had 7 spell levels left.
You knew the following spells:

 Your Spells              Type           Power        Failure   Level  Hunger
a - Corona                Hex            ###....      1%          1    None
c - Confuse               Hex            ###.....     6%          3    ###....
x - Ensorcelled Hibernat  Hex/Ice        ###...       5%          2    ##.....

Your spell library contained the following spells:

 Spells                   Type           Power        Failure   Level  Hunger
 Tukima's Dance           Hex            ###.....     6%          3    ###....
 Dazzling Spray           Conj/Hex       ##....       16%         3    ###....


Dungeon Overview and Level Annotations

Branches:
Dungeon (3/15)

Altars:

Annotations:
D:3 Ijyb


Innate Abilities, Weirdness & Mutations

You are very small and have problems with some larger weapons.
You are too small for most types of armour.
You have supernaturally acute eyesight. (SInv)
You are a herbivore.
You cover ground extremely quickly.
You need to consume almost no food.


Message History

Your will is overpowered!
You are confused.
It is a wand of enslavement (16).
The orc wizard casts a spell at you. The magic dart hits you!
The orc wizard barely misses you.
The orc wizard points at you and mumbles some strange words.
The magic dart hits you!
You bump into the rock wall.
The orc wizard hits you with a dagger.
* * * LOW HITPOINT WARNING * * *
You closely miss the orc wizard. The orc wizard misses you.
It was a potion of curing.
You feel better. The orc wizard misses you. The orc closely misses you.
The orc wizard hits you with a dagger.
Ijyb zaps a wand.
You resist with almost no effort.
The orc wizard gestures at you while chanting.
The magic dart hits you!
* * * LOW HITPOINT WARNING * * *
The orc wizard casts a spell at you. The magic dart hits you!
You die...

.#.####### #.#
.#.# #.# .#.# #.#
.#.######## #.#
.#........# #o#
#########.# #.###
#.# #...# #.#
###.# #.# #@# #.#
#.# ##.## #.#
##...#####.#
#######.###.##...#
........# #.##.###
##..###.###(##.#
###.####...###.#
#.#........###.#


You could see an orc wizard.

Vanquished Creatures
  The ghost of Vajrapani the Ducker, an amateur OpTm (D:3)
  An orc priest (D:3)
  A hound skeleton (D:3)
  A gnoll (D:1)
  3 adders
  An ooze (D:2)
  A worm (D:3)
  3 leopard geckos
  8 orcs (D:3)
  6 bats
  4 giant cockroaches
  11 goblins
  5 hobgoblins
  12 kobolds
  A quokka (D:2)
  A frilled lizard (D:1)
  A quokka skeleton (D:3)
  4 rats
65 creatures vanquished.

Notes
Turn   | Place    | Note
-------+----------+-------------------------------------------
     0 | D:1      | Mamutox the Spriggan Enchanter began the quest for the Orb.
     0 | D:1      | Reached XP level 1. HP: 9/9 MP: 5/5
   111 | D:1      | Reached XP level 2. HP: 13/13 MP: 6/6
   118 | D:1      | Learned a level 2 spell: Ensorcelled Hibernation
   437 | D:1      | Reached XP level 3. HP: 13/16 MP: 0/8
  1208 | D:2      | Reached skill level 1 in Ice Magic
  1330 | D:2      | Reached XP level 4. HP: 21/21 MP: 7/10
  1761 | D:3      | Found a runed gate.
  1761 | D:3      | Found a runed gate.
  1762 | D:3      | Found a runed gate.
  1781 | D:3      | Noticed Vajrapani's ghost (amateur OpTm)
  1819 | D:3      | Reached skill level 5 in Stealth
  1844 | D:3      | Learned a level 3 spell: Confuse
  1862 | D:3      | Killed Vajrapani's ghost
  1862 | D:3      | Reached XP level 5. HP: 17/24 MP: 2/11
  2302 | D:3      | Reached XP level 6. HP: 28/28 MP: 3/12
  2659 | D:3      | Noticed Ijyb
  2689 | D:3      | Killed from afar by an orc wizard

Vault maps used:
D:1:      mainiacjoe_arrival_reflecting_pool, minmay_pentomino_x2
D:2:      hangedman_decor_push, minivault_5, serial_bayou_pond_b, st_stairs_1
D:3:      lemuel_coloured_pillars_altar, gammafunk_ghost_necromancy, uniq_ijyb

Skill      XL: |  1  2  3  4  5  6 |
---------------+-------------------+-----
Spellcasting   | 3 4 |  4.0
Hexes          | 4 |  4.7
Ice Magic      | 1 |  1.8
Stealth        | 5 |  5.7
Short Blades   | 2 |  2.7
Dodging        | 4 |  4.5
Fighting       | |  0.1

Action                   |  1- 3 |  4- 6 || total
-------------------------+-------+-------++-------
Melee: Short sword       |    93 |    89 ||   182
       Dagger            |     4 |       ||     4
 Cast: Ensorcelled Hiber |    16 |    17 ||    33
       Confuse           |       |     8 ||     8
  Use: Potion            |       |     1 ||     1
 Stab: Sleeping          |    25 |    13 ||    38
       Confused          |       |     5 ||     5
  Eat: Ration            |       |     1 ||     1
Armor: Robe              |     5 |     6 ||    11
Dodge: Dodged            |    57 |    54 ||   111

Table legend:
 A = Spawn XP
 B = Non-spawn XP
 C = Spawn XP percentage of total XP
 D = Spawn monster count
 E = Non-spawn monster count
 F = Spawn count percentage of total count
 G = Total turns spent on level
                    A         B        C        D         E        F      G
               +---------+---------+-------+---------+---------+-------+---------
         Total |       0 |     396 |   0.0 |       0 |      65 |   0.0 |  2689
               +---------+---------+-------+---------+---------+-------+---------
           D:1 |       0 |      55 |   0.0 |       0 |      25 |   0.0 |  1083
           D:2 |       0 |      46 |   0.0 |       0 |      17 |   0.0 |   616
           D:3 |       0 |     295 |   0.0 |       0 |      23 |   0.0 |   990
               +---------+---------+-------+---------+---------+-------+---------
